 Dungeon Crawl Stone Soup version 0.32-a0-42-ga30500b4d3 (webtiles) character file.

Game seed: 1520477541954584628

28 drugrobin the Sneak (level 2, 0/25 HPs)
             Began as a Demigod Delver on Jan 27, 2024.
             Succumbed to a scorpion's poison
             ... on level 4 of the Dungeon.
             The game lasted 00:03:54 (498 turns).

drugrobin the Sneak (Demigod Delver)                 Turns: 498, Time: 00:03:55

Health: 0/25       AC: 10    Str: 13    XL:     2   Next: 78%
Magic:  4/4        EV:  2    Int: 15    God:
Gold:   89         SH:  3    Dex: 10    Spells: 1/1 levels left

rFire   . . .        a - +0 mace
rCold   . . .        i - +0 buckler
rNeg    . . .        d - +0 plate armour
rPois   +            (no helmet)
rElec   .            (no cloak)
rCorr   .            (no gloves)
SInv    .            (no boots)
Will    .....        (no amulet) Stlth
                     k - ring "Tudaus" {rPois Int+3 Dex-5 Stlth+}
HPRegen 0.24/turn    (no ring)
MPRegen 0.09/turn

%: no passive effects
@: lethally poisoned (0 -> -3), hasted, very quick
A: high MP 1, forlorn, divine attributes
a: no special abilities


You were on level 4 of the Dungeon.
You visited 1 branch of the dungeon, and saw 2 of its levels.

You collected 89 gold pieces.

Inventory:

Hand Weapons
 a - a +0 mace (weapon)
Missiles
 h - 15 stones (quivered)
Armour
 b - a +0 leather armour
 d - a +0 plate armour (worn)
 i - a +0 buckler (worn)
Jewellery
 k - the ring "Tudaus" (left hand) {rPois Int+3 Dex-5 Stlth+}
   (You took it off a kobold on level 4 of the Dungeon)

   [ring of poison resistance]

   Int+3:     It affects your intelligence (+3).
   Dex-5:     It affects your dexterity (-5).
   rPois:     It protects you from poison Stlth+: It makes you more stealthy.
 l - a ring of ice
Wands
 g - a wand of digging (1)
 j - a wand of charming (8)
Scrolls
 c - a scroll of fog


   Skills:
 - Level 2.6 Fighting
 + Level 3.2 Maces & Flails
 - Level 1.7 Dodging
 - Level 4.5 Stealth


You had one spell level left.
You didn't know any spells.
Your spell library was empty.

Dungeon Overview and Level Annotations

Branches:
Dungeon (5/15)             Temple (0/1) D:5

Annotations:
D:5 exclusion: ogre


Innate Abilities, Weirdness & Mutations

You have an increased reservoir of magic. (+10% MP)
You shall have no god before yourself.
Your divine heritage dramatically boosts your attributes as you level up.


Message History

Unknown command.
You hit the scorpion but do no damage.
The scorpion is moderately wounded.
The scorpion barely misses you. You block the scorpion's attack.
Unknown command.
You closely miss the scorpion.
The scorpion is moderately wounded.
The scorpion stings you but does no damage.
Unknown command.
You barely miss the scorpion.
The scorpion is moderately wounded.
The scorpion stings you. x2
Unknown command.
You hit the scorpion.
The scorpion is moderately wounded.
The scorpion stings you.
Unknown command.
You hit the scorpion but do no damage.
The scorpion is moderately wounded.
The scorpion stings you.
You are poisoned.
The scorpion poisons you! The scorpion stings you.
* * * LOW HITPOINT WARNING * * *
Unknown command.
Unknown command.
Okay, then.
You feel yourself speed up.
* * * LOW HITPOINT WARNING * * *
You feel sick. You block the scorpion's attack.
* * * LOW HITPOINT WARNING * * *
You feel sick. The scorpion attacks as it pursues you!
The scorpion barely misses you.
* * * LOW HITPOINT WARNING * * *
You feel sick.
* * * LOW HITPOINT WARNING * * *
You feel sick.
Unknown command.
* * * LOW HITPOINT WARNING * * *
You feel sick.
You die...

,,,,,,,,,,,..........##.##......,
,,,,,,,,*<*#....#....#...#.....,,
,,,*,,##***#.#.##......#.....#*,,
,*,*,,...#*#.,#.......s##..###*,,
,*,,,,*#...#.##..#.####......#***
,,,,**###.....#.########..#...#*,
,,,,,,......:.#.#.##.###.###..#,,
,,,,,,....#..........#..........,
,,,,,,##...##...@..s.#...........
*,,,,,....####.........##...)....
*,,,,,......##........####.......
**,,,,.......##........#.........
***,,,.K.......#.................
#..##*.........#.................
,........,,###...................
^*.........###...................
*##.............................รท


You could see a scorpion.

Vanquished Creatures
  2 adders (D:5)
  A dart slug (D:4)
  An orc (D:4)
  An endoplasm (D:4)
  2 hobgoblins (D:4)
  2 kobolds (D:4)
9 creatures vanquished.

Notes
Turn   | Place    | Note
-------+----------+-------------------------------------------
     0 | D:5      | drugrobin the Demigod Delver began the quest for the Orb.
     0 | D:5      | Reached XP level 1. HP: 18/18 MP: 3/3
    11 | D:5      | Noticed an ogre
    80 | D:5      | Reached XP level 2. HP: 14/25 MP: 4/4
   101 | D:5      | Found a staircase to the Ecumenical Temple.
   367 | D:4      | Identified the ring "Tudaus" {rPois Int+3 Dex-5 Stlth+}
   463 | D:4      | Noticed a scorpion
   495 | D:4      | HP: 1/25 [poisoned by a scorpion]
   498 | D:4      | Succumbed to a scorpion's poison

Illustrated notes

Levels and vault maps discovered:
D:4:      layout_cave_pools, grunt_gozag_breadcrumbs
D:5:      layout_cave_pods, grunt_temple_overflow_holy_war,
          minmay_temple_entry_statues_pillars, st_stairs_4,
          kennysheep_generic_room_16

Skill      XL: |  1  2 |
---------------+-------+-----
Maces & Flails | 2 3 |  3.2
Fighting       | |  2.6
Dodging        | |  1.7
Stealth        | |  4.5

Action                     || total
---------------------------++-------
  Melee: Mace              ||    63
  Throw: Stone             ||     3
  Evoke: Wand              ||     2
    Use: Scroll            ||     3
         Potion            ||     1
 Armour: Leather armour    ||    11
         Plate armour      ||    51
  Dodge: Dodged            ||    18
  Block: Buckler           ||     7

Table legend: (Time is in decaauts)
 A = Elapsed time spent in this place.
 B = Non-inter-level travel time spent in this place.
 C = Inter-level travel time spent in this place.
 D = Time resting spent in this place.
 E = Time spent auto-exploring this place.
 F = Levels seen in this place.
 G = Mean time per level.
                   A        B        C        D        E       F      G
               +--------+--------+--------+--------+--------+-----+--------+
         Total |    513 |    507 |      6 |      7 |    172 |   2 |  256.5 |
       Dungeon |    513 |    507 |      6 |      7 |    172 |   2 |  256.5 |
               +--------+--------+--------+--------+--------+-----+--------+

Top non-repeatable levels by time:
     D:4: 342 daAuts
     D:5: 170 daAuts
